 Dungeon Crawl Stone Soup version 0.21-a0-521-g1cd18d1 (webtiles) character file.

710 Gildeon the Poker (level 7, -4/61 HPs)
             Began as a Demigod Fighter on Dec 5, 2017.
             Slain by a gnoll
             ... wielding a +0 spear
              (7 damage)
             ... on level 4 of the Dungeon.
             The game lasted 00:19:47 (3711 turns).

Gildeon the Poker (Demigod Fighter)                 Turns: 3711, Time: 00:19:48

Health: -4/61      AC:  5    Str: 21    XL:     7   Next: 17%
Magic:  9/9        EV: 11    Int: 12    God:
Gold:   76         SH:  0    Dex: 17    Spells: 6/6 levels left

rFire    x . .     SeeInvis .   a - +0 trident
rCold    + . .     Gourm    .   (no shield)
rNeg     . . .     Faith    .   n - +1 leather armour
rPois    .         Spirit   .   (no helmet)
rElec    .         Reflect  .   (no cloak)
rCorr    .         Harm     .   c - +0 pair of gloves
MR       .....                  (no boots)
Stlth    +.........             (no amulet)
HPRegen  0.20/turn              m - ring of wizardry
MPRegen  0.11/turn              d - ring of ice

@: no status effects
A: high mp 1
a: no special abilities


You were on level 4 of the Dungeon.
You were not hungry.

You visited 1 branch of the dungeon, and saw 4 of its levels.

You collected 76 gold pieces.

Inventory:

Hand Weapons
 a - a +0 trident (weapon)
Armour
 c - a +0 pair of gloves (worn)
 n - a +1 leather armour (worn)
Jewellery
 d - a ring of ice (right hand)
 j - an uncursed ring of magical power
 m - a ring of wizardry (left hand)
Scrolls
 g - 4 scrolls of identify
 l - 2 scrolls of teleportation
Potions
 e - 2 potions of brilliance
Comestibles
 f - 2 bread rations
 i - a meat ration
 k - a fruit


   Skills:
 - Level 5.3 Fighting
 - Level 5.6 Polearms
 + Level 3.6 Armour
   Level 2.6 Shields


You had 6 spell levels left.
You didn't know any spells.

Dungeon Overview and Level Annotations

Branches:
Dungeon (4/15)
 Temple: D:4-7

Shops:
D:4 [


Innate Abilities, Weirdness & Mutations

You have an increased reservoir of magic. (+10% MP)


Message History

The gnoll hits you from afar with a spear!
* * * LOW HITPOINT WARNING * * *
You puncture the gnoll!
The gnoll is severely wounded.
The gnoll barely misses you.
The gnoll hits you from afar with a spear.
* * * LOW HITPOINT WARNING * * *
You hit the gnoll.
You kill the gnoll!
The gnoll hits you from afar with a spear.
* * * LOW HITPOINT WARNING * * *
Attack whom?
Press: ? - help, Dir - move target cursor, f/p - gnoll
Aim: a gnoll, wielding a spear You reach to attack!
You hit the gnoll.
The gnoll is lightly wounded.
The gnoll hits you from afar with a spear.
* * * LOW HITPOINT WARNING * * *
The gnoll hits you with a spear!
You die...

#......#
####......##
...........#
..###......## #
####....#
#....####
##........
##g).##....
##.@### #..#
####### ##..##
..# ......##
##..## #
.......#####..##
.....>...#...##
.####........#
.# ###.....## ##
##...[# #### #
##...##
#####..##


You could see a gnoll.

Vanquished Creatures
  The ghost of barbarian the Covered, an amateur MiFi (D:3)
  2 ogres (D:4)
  A scorpion (D:4)
  A centaur skeleton (D:4)
  A hound (D:4)
  A jelly (D:2)
  Jessica (D:3)
  A bullfrog skeleton (D:4)
  An iguana (D:4)
  Natasha (thrice) (D:3 D:4)
  A worker ant (D:4)
  2 gnolls (D:4)
  5 adders (D:2)
  2 oozes (D:3)
  A dart slug (D:2)
  A leopard gecko (D:4)
  3 orcs (D:3)
  3 giant cockroaches
  5 goblins
  8 hobgoblins
  2 jackals (D:1)
  3 quokkas
  A ball python (D:1)
  9 bats
  3 frilled lizards
  8 kobolds
  A leopard gecko skeleton (D:4)
  6 rats
77 creatures vanquished.

Notes
Turn   | Place    | Note
-------+----------+-------------------------------------------
     0 | D:1      | Gildeon the Demigod Fighter began the quest for the Orb.
     0 | D:1      | Reached XP level 1. HP: 18/18 MP: 3/3
   340 | D:1      | Reached XP level 2. HP: 21/25 MP: 4/4
   659 | D:2      | Found a shadowy altar of Dithmenos.
   952 | D:2      | Reached XP level 3. HP: 30/30 MP: 5/5
  1016 | D:2      | Found a snail-covered altar of Cheibriados.
  1018 | D:2      | Found a blossoming altar of Fedhas.
  1062 | D:2      | Found an ancient bone altar of Kikubaaqudgha.
  1090 | D:2      | Found an iron altar of Okawaru.
  1224 | D:2      | Reached XP level 4. HP: 34/37 MP: 6/6
  1433 | D:2      | Found a hazy altar of Hepliaklqana.
  1878 | D:3      | Noticed Natasha
  1893 | D:3      | Noticed barbarian's ghost (amateur MiFi)
  1897 | D:3      | Killed Natasha
  1906 | D:3      | Killed barbarian's ghost
  1906 | D:3      | Reached skill level 5 in Polearms
  1906 | D:3      | Reached XP level 5. HP: 37/42 MP: 7/7
  1960 | D:3      | Noticed Natasha
  1970 | D:3      | Killed Natasha
  2240 | D:3      | Noticed Jessica
  2269 | D:3      | Killed Jessica
  2647 | D:4      | Reached XP level 6. HP: 51/51 MP: 8/8
  3255 | D:4      | Found Viurr's Armour Boutique.
  3305 | D:4      | Reached skill level 5 in Fighting
  3635 | D:4      | Reached XP level 7. HP: 49/61 MP: 9/9
  3682 | D:4      | Noticed Natasha
  3706 | D:4      | Killed Natasha
  3710 | D:4      | HP: 3/61 [gnoll/spear (5)]
  3711 | D:4      | Slain by a gnoll

Vault maps used:
D:1:      tarquinn_simple_flora_water_b
D:2:      lemuel_round_altar, okawaru_trees_1, nicolae_dithmenos_shadow_blocks,
          lemuel_round_altar, nicolae_overflow_hidden_temple
D:3:      uniq_jessica, uniq_natasha
D:4:      first_bread, serial_shops, shop

Skill      XL: |  1  2  3  4  5  6 |
---------------+-------------------+-----
Polearms       | 2 3 4 5 |  5.6
Fighting       | 3 5 |  5.3
Armour         | 3 |  3.6
Shields        | |  2.6

Action                   |  1- 3 |  4- 6 |  7- 9 || total
-------------------------+-------+-------+-------++-------
Melee: Trident           |   124 |   170 |    16 ||   310
Evoke: Wand              |       |    19 |     4 ||    23
  Use: Scroll            |     5 |     5 |       ||    10
       Potion            |       |     9 |       ||     9
 Stab: Sleeping          |     1 |     1 |       ||     2
  Eat: Chunk             |     1 |     3 |       ||     4
       Bread ration      |       |     1 |     1 ||     2
Armor: Scale mail        |    28 |       |       ||    28
       Ring mail         |    21 |       |       ||    21
       Leather armour    |     5 |    24 |     5 ||    34
Dodge: Dodged            |    75 |    86 |    12 ||   173

Table legend:
 A = Spawn XP
 B = Non-spawn XP
 C = Spawn XP percentage of total XP
 D = Spawn monster count
 E = Non-spawn monster count
 F = Spawn count percentage of total count
 G = Total turns spent on level
                    A         B        C        D         E        F      G
               +---------+---------+-------+---------+---------+-------+---------
         Total |       0 |    1015 |   0.0 |       0 |      77 |   0.0 |  3711
               +---------+---------+-------+---------+---------+-------+---------
           D:1 |       0 |      28 |   0.0 |       0 |      17 |   0.0 |   635
           D:2 |       0 |     142 |   0.0 |       0 |      28 |   0.0 |  1206
           D:3 |       0 |     274 |   0.0 |       0 |      19 |   0.0 |   695
           D:4 |       0 |     571 |   0.0 |       0 |      13 |   0.0 |  1175
               +---------+---------+-------+---------+---------+-------+---------
